 Dungeon Crawl Stone Soup version 0.30.0-17-ge0270778cf (webtiles) character file.

Game seed: 797845265900607741

110 zazu2006 the Magician (level 4, -1/34 HPs)
             Began as a Gnoll Wanderer on May 21, 2023.
             Slain by a gnoll
             ... wielding a +0 flail
              (6 damage)
             ... on level 3 of the Dungeon.
             The game lasted 00:04:13 (2297 turns).

zazu2006 the Magician (Gnoll Wanderer)              Turns: 2297, Time: 00:04:13

Health: -1/34      AC:  3    Str: 11    XL:     4   Next: 91%
Magic:  11/11      EV: 11    Int: 13    God:
Gold:   205        SH:  4    Dex: 12    Spells: 12/13 levels left

rFire   . . .        g - +4 dagger
rCold   . . .        b - +0 buckler
rNeg    . . .        h - +0 leather armour
rPois   .            (no helmet)
rElec   .            (no cloak)
rCorr   .            (no gloves)
SInv    .            (no boots)
Will    .....        (no amulet)
Stlth   ++           (no ring)
HPRegen 0.25/turn    (no ring)
MPRegen 0.12/turn

%: no passive effects
@: invisible
A: fangs 1, strong nose, distributed training
a: no special abilities


You were on level 3 of the Dungeon.
You visited 1 branch of the dungeon, and saw 3 of its levels.

You collected 205 gold pieces.

Inventory:

Hand Weapons
 a - a +0 spear
 g - a +4 dagger (weapon)
Missiles
 o - 6 atropa-tipped darts
 q - a throwing net
Armour
 b - a +0 buckler (worn)
 h - a +0 leather armour (worn)
Scrolls
 d - a scroll of teleportation {unknown}
 e - 2 scrolls of identify {unknown}
 f - a scroll of poison {unknown}
 l - a scroll of amnesia {unknown}
 m - a scroll of vulnerability {unknown}
 p - a scroll of enchant armour {unknown}
Potions
 i - 3 potions of heal wounds {unknown}
 j - a potion of brilliance {unknown}
 k - a potion of cancellation {unknown}
 n - a potion of lignification {unknown}
 r - a potion of curing {unknown}
 s - a potion of mutation {unknown}


   Skills:
 + Level 2.9 Fighting
 + Level 1.3 Short Blades
 + Level 1.3 Long Blades
 + Level 1.3 Axes
 + Level 1.3 Maces & Flails
 + Level 2.9 Polearms
 + Level 1.3 Staves
 + Level 1.3 Ranged Weapons
 + Level 1.3 Throwing
 + Level 4.7 Armour
 + Level 1.3 Dodging
 + Level 2.7 Stealth
 + Level 2.9 Shields
 + Level 1.3 Unarmed Combat
 + Level 5.1 Spellcasting
 + Level 1.1 Conjurations
 + Level 3.9 Hexes
 + Level 1.1 Summonings
 + Level 1.1 Necromancy
 + Level 1.1 Translocations
 + Level 1.1 Transmutations
 + Level 1.1 Fire Magic
 + Level 1.1 Ice Magic
 + Level 1.1 Air Magic
 + Level 1.1 Earth Magic
 + Level 1.1 Poison Magic
 + Level 1.5 Invocations
 + Level 1.3 Evocations


You had 12 spell levels left.
You knew the following spells:

 Your Spells              Type           Power      Damage    Failure   Level
a - Slow                  Hex            52%        N/A       7%          1

Your spell library contained the following spells:

 Spells                   Type           Power      Damage    Failure   Level
 Confusing Touch          Hex            13%        N/A       21%         3
 Dazzling Flash           Conj/Hex       18%        N/A       36%         3
 Leda's Liquefaction      Hex/Erth       4%         N/A       77%         4
 Silence                  Hex/Air        4%         N/A       98%         5
 Agony                    Necr           6%         N/A       99%         5


Dungeon Overview and Level Annotations

Branches:
Dungeon (3/15)

Altars:
Dithmenos


Innate Abilities, Weirdness & Mutations

You have very sharp teeth.
Your uncanny sense of smell can sniff out nearby items.
Your experience applies equally to all skills.


Message History

The hobgoblin attacks as you move away! The hobgoblin hits you.
You barely miss the hobgoblin.
The hobgoblin hits you but does no damage.
You hit the hobgoblin.
The hobgoblin is moderately wounded.
The hobgoblin hits you.
You hit the hobgoblin.
You bite the hobgoblin, but do no damage.
The hobgoblin is heavily wounded.
The hobgoblin hits you.
You hit the hobgoblin.
You kill the hobgoblin!
You hit the gnoll.
The gnoll is lightly wounded.
The gnoll barely misses you.
You puncture the gnoll! Your bite misses the gnoll.
The gnoll is severely wounded.
The gnoll completely misses you.
You hit the gnoll. You bite the gnoll, but do no damage.
The gnoll is almost dead.
The gnoll hits you with a +0 whip.
You hit the gnoll.
You kill the gnoll!
You hit the gnoll.
The gnoll is moderately wounded.
You block the gnoll's attack.
The gnoll hits you from afar with a +0 heavy spear!
The gnoll hits you with a +0 flail!
* * * LOW HITPOINT WARNING * * *
You puncture the gnoll!
The gnoll is almost dead.
The gnoll barely misses you.
You hit the gnoll but do no damage.
The gnoll is almost dead.
The gnoll barely misses you. x2
The gnoll attacks as you move away! The gnoll hits you with a +0 flail.
* * * LOW HITPOINT WARNING * * *
You fade into invisibility!
The gnoll hits you with a +0 flail.
You die...

#.#....####.........#
#.#.......+.........+
###.....†####.........#
#.......## #.......#
#.###.#.# #.....#
#.###.#.# #...#
#.##..#.# ##g##
#.##.##.# ###g#####
#.##.##@# #.......#
#.##.##g## #.#..##.#
#.......g######.....#.#
##......#....)........#
#.....###.####.........
#....## ##.# #.#..##.##
#.....###.## #.#### .#
#......#.## #.. #
#######.## ###


You could see 2 gnolls.

Vanquished Creatures
  A gnoll (D:3)
  3 adders (D:2)
  4 dart slugs
  An orc (D:3)
  5 bats
  3 endoplasms
  2 giant cockroaches (D:1)
  4 goblins
  2 hobgoblins
  10 jackals
  9 kobolds
  2 quokkas (D:1)
  6 ball pythons
  2 frilled lizards (D:1)
  8 rats
62 creatures vanquished.

Notes
Turn   | Place    | Note
-------+----------+-------------------------------------------
     0 | D:1      | zazu2006 the Gnoll Wanderer began the quest for the Orb.
     0 | D:1      | zazu2006 set off with the following items: a +0 spear, a +0
                  | buckler, a potion of invisibility, a +0 robe; and the
                  | following spell memorised: Slow; and the following spells
                  | available to memorise: Confusing Touch, Leda's
                  | Liquefaction.
     0 | D:1      | Reached XP level 1. HP: 17/17 MP: 6/6
   115 | D:1      | Reached XP level 2. HP: 14/23 MP: 7/7
   294 | D:1      | Found a faded altar of an unknown god.
   603 | D:1      | Reached skill level 5 in Spellcasting
   603 | D:1      | Reached XP level 3. HP: 25/28 MP: 7/9
   890 | D:1      | Reached skill level 1 in Invocations
  1441 | D:2      | Reached skill level 1 in Short Blades
  1441 | D:2      | Reached skill level 1 in Long Blades
  1441 | D:2      | Reached skill level 1 in Axes
  1441 | D:2      | Reached skill level 1 in Maces & Flails
  1441 | D:2      | Reached skill level 1 in Staves
  1441 | D:2      | Reached skill level 1 in Ranged Weapons
  1441 | D:2      | Reached skill level 1 in Throwing
  1441 | D:2      | Reached skill level 1 in Dodging
  1441 | D:2      | Reached skill level 1 in Unarmed Combat
  1441 | D:2      | Reached skill level 1 in Evocations
  1495 | D:2      | Found a shadowy altar of Dithmenos.
  1504 | D:2      | Reached XP level 4. HP: 34/34 MP: 11/11
  1749 | D:2      | Reached skill level 1 in Conjurations
  1749 | D:2      | Reached skill level 1 in Summonings
  1749 | D:2      | Reached skill level 1 in Necromancy
  1749 | D:2      | Reached skill level 1 in Translocations
  1749 | D:2      | Reached skill level 1 in Transmutations
  1749 | D:2      | Reached skill level 1 in Fire Magic
  1749 | D:2      | Reached skill level 1 in Ice Magic
  1749 | D:2      | Reached skill level 1 in Air Magic
  1749 | D:2      | Reached skill level 1 in Earth Magic
  1749 | D:2      | Reached skill level 1 in Poison Magic
  2297 | D:3      | Slain by a gnoll

Illustrated notes

Levels and vault maps discovered:
D:1:      dpeg_arrival_simpleton_b, layout_basic,
          shapermc_ecumenical_altar_mp_ritualfount, serial_co_window_serial,
          co_window_corner_a, co_window_of_opportunity_a, co_window_corner_a,
          co_window_corner_a, co_window_paths_a, co_window_paths_b,
          co_window_paths_b, co_window_of_opportunity_b,
          co_window_unsneaky_path_d, co_window_cross_4, co_window_corner_cb,
          co_window_cross_3, co_window_paths_e, minmay_gold_behind_fungi,
          dreamdust_princess_corridor
D:2:      layout_rooms, basic_altar, grunt_ministairs_7
D:3:      layout_loops_corners, uniq_sigmund, uniq_jessica

Skill      XL: |  1  2  3  4 |
---------------+-------------+-----
Spellcasting   | 5 |  5.1
Invocations    | 1 |  1.5
Short Blades   | 1 |  1.3
Long Blades    | 1 |  1.3
Axes           | 1 |  1.3
Maces & Flails | 1 |  1.3
Staves         | 1 |  1.3
Ranged Weapons | 1 |  1.3
Throwing       | 1 |  1.3
Dodging        | 1 |  1.3
Unarmed Combat | 1 |  1.3
Evocations     | 1 |  1.3
Conjurations   | 1 |  1.1
Summonings     | 1 |  1.1
Necromancy     | 1 |  1.1
Translocations | 1 |  1.1
Transmutations | 1 |  1.1
Fire Magic     | 1 |  1.1
Ice Magic      | 1 |  1.1
Air Magic      | 1 |  1.1
Earth Magic    | 1 |  1.1
Poison Magic   | 1 |  1.1
Fighting       | |  2.9
Polearms       | |  2.9
Armour         | |  4.7
Stealth        | |  2.7
Shields        | |  2.9
Hexes          | |  3.9

Action                     |  1- 3 |  4- 6 || total
---------------------------+-------+-------++-------
  Melee: Spear             |    46 |       ||    46
         Bite              |     7 |     9 ||    16
         Dagger            |    74 |    81 ||   155
   Cast: Slow              |     4 |     1 ||     5
    Use: Potion            |       |     1 ||     1
   Stab: Sleeping          |     1 |       ||     1
 Armour: Robe              |     4 |       ||     4
         Leather armour    |    29 |    16 ||    45
  Dodge: Dodged            |    45 |    37 ||    82
  Block: Buckler           |    21 |    16 ||    37
